[Event "*** Titled Tuesday Blitz"]
[Site "Chess.com"]
[Date "2021.04.27"]
[Round "7"]
[White "Aslanov_Umid"]
[Black "Guzman70"]
[Result "1-0"]
[WhiteElo "2447"]
[BlackElo "2288"]
[TimeControl "180+1"]
[EndTime "11:14:39 PDT"]
[Termination "Aslanov_Umid won by resignation"]

1. e4 c5 2. Nf3 d6 3. d4 cxd4 4. Nxd4 Nf6 5. Nc3 Nc6 6. Bc4 Qb6 7. Nxc6 bxc6 8. O-O e6 9. Bb3 d5 10. exd5 cxd5 11. Be3 Qa5 12. Bd4 Bc5 13. Bxf6 gxf6 14. Ba4+ Ke7 15. Re1 Bb7 16. Bb3 Rad8 17. Qf3 Bd4 18.
Rad1 Bxc3 19. bxc3 Qc7 20. Rd4 Rd6 21. Qg3 Kf8 22. Rb4 Bc6 23. Qh4 Ke7 24. Rf4 e5 25.
Rxe5+ Re6 26. Qxf6+ Kd6 27. Rxe6+ 1-0

[Event "*** Titled Tuesday Blitz"]
[Site "Chess.com"]
[Date "2021.04.27"]
[Round "7"]
[White "DarkAlekhine"]
[Black "BrandonJacobson"]
[Result "1-0"]
[WhiteElo "2701"]
[BlackElo "2924"]
[TimeControl "180+1"]
[EndTime "11:14:42 PDT"]
[Termination "DarkAlekhine won by resignation"]

1. e4 c5 2. Nf3 Nc6 3. d4 cxd4 4. Nxd4 Nf6 5. Nc3 d6 6. Be2 e5 7. Nf3 h6 8. O-O Be7 9. Re1 O-O 10. h3 Be6 11. Bf1 Qc7 12. Nd5 Bxd5 13. exd5 Nb4 14. c4 a5 15. Be3 Nd7 16. a3 Na6 17. Rb1 Nac5 18. b4 axb4 19. axb4 Ne4 20. Qc2 Ng5 21.
Nd2 f5 22. f4 exf4 23. Bxf4 Bf6 24. Bd3 Ra3 25. Rb3 Rxb3 26. Qxb3 Bd4+ 27. Kh1 Ne5 28. c5 Rc8 29. Bxe5 1-0

[Event "*** Titled Tuesday Blitz"]
[Site "Chess.com"]
[Date "2021.04.27"]
[Round "7"]
[White "LileKoridze"]
[Black "rachidhuilda"]
[Result "1-0"]
[WhiteElo "2412"]
[BlackElo "2266"]
[TimeControl "180+1"]
[EndTime "11:14:42 PDT"]
[Termination "LileKoridze won by checkmate"]

1. d4 Nf6 2. c4 c5 3. d5 b5 4.
cxb5 a6 5. bxa6 g6 6. Nc3 Bg7 7. e4 O-O 8. Nf3 Qa5 9. Bd2 Bxa6 10. Be2 Qb4 11. Bxa6 Nxa6 12. Qc2 Rfb8 13. Rb1 Qb7 14. a3 Qb3 15. Qxb3 Rxb3 16. O-O Rab8 17. e5 Ng4 18. Bf4 Rxb2 19. h3 Rxb1 20. Nxb1 Nh6 21. Nbd2 Nf5 22.
Nc4 Rb3 23. Rd1 Rc3 24. Nb6 d6 25. exd6 Nxd6 26. Re1 Bf6 27. a4 Rb3 28. Nd7 Kg7 29.
Nxf6 Kxf6 30. Be5+ Kf5 31. g4# 1-0

[Event "*** Titled Tuesday Blitz"]
[Site "Chess.com"]
[Date "2021.04.27"]
[Round "7"]
[White "Harald_Schmidt"]
[Black "salomez"]
[Result "0-1"]
[WhiteElo "2306"]
[BlackElo "2138"]
[TimeControl "180+1"]
[EndTime "11:14:46 PDT"]
[Termination "salomez won on time"]

1. e4 c5 2. Nf3 e6 3. d4 cxd4 4. Nxd4 Nf6 5. Bd3 Nc6 6. Ne2 d5 7. exd5 Nxd5 8. a3 Be7 9. O-O O-O 10. c4 Nf6 11. b4 Ne5 12. Nf4 Nxd3 13. Nxd3 b6 14. Bb2 Bb7 15. Nc3 Rc8 16. c5 bxc5 17.
Nxc5 Bxc5 18. bxc5 Rxc5 19. Qe2 Qc8 20. Rac1 Ba6 21. Qe3 Bxf1 22. Rxf1 Nd5 23. Nxd5 Rxd5 24. Qg3 f6 25. h4 Qc2 0-1

[Event "*** Titled Tuesday Blitz"]
[Site "Chess.com"]
[Date "2021.04.27"]
[Round "7"]
[White "mirochka"]
[Black "jraosam"]
[Result "0-1"]
[WhiteElo "2204"]
[BlackElo "1873"]
[TimeControl "180+1"]
[EndTime "11:14:47 PDT"]
[Termination "jraosam won on time"]

1. e4 c5 2. d4 cxd4 3. c3 dxc3 4. Nxc3 Nc6 5. Nf3 d6 6. Bc4 g6 7. O-O Bg7 8. Qb3 Na5 9. Bb5+ Bd7 10. Qa4 Nc6 11. Ng5 Nf6 12. f4 O-O 13. Nd5 Nxd5 14.
exd5 Nb8 15. Bxd7 Qxd7 16. Qb3 h6 17. Nf3 Na6 18. Be3 Nc5 19. Qc2 Rac8 20. Qe2 Qf5 21. Rad1 Qf6 22. b4 Na4 23. Bd4 Qxf4 24. Bxg7 Kxg7 25.
Nd4 Qe5 26. Qf3 Nc3 27. Rfe1 Qxd5 28. Nf5+ Qxf5 29. Rd5 Qxd5 0-1

[Event "*** Titled Tuesday Blitz"]
[Site "Chess.com"]
[Date "2021.04.27"]
[Round "7"]
[White "DanielTitichoca"]
[Black "volunteers1998"]
[Result "0-1"]
[WhiteElo "2381"]
[BlackElo "2231"]
[TimeControl "180+1"]
[EndTime "11:14:50 PDT"]
[Termination "volunteers1998 won by checkmate"]

1. c4 f5 2. Nf3 Nf6 3. g3 g6 4.
Bg2 Bg7 5. O-O O-O 6. Nc3 d6 7.
d3 e5 8. Rb1 Nc6 9. b4 a6 10. a4 Be6 11. b5 axb5 12. axb5 Ne7 13. Ng5 Bc8 14. Bd2 h6 15. Nh3 g5 16. f4 g4 17. Nf2 Rb8 18. Qb3 Kh8 19. e4 exf4 20.
Bxf4 Ng6 21. Bd2 h5 22. Bg5 Qe8 23. Rbe1 f4 24. gxf4 h4 25. e5 dxe5 26. fxe5 Nxe5 27. d4 Nf3+ 28. Bxf3 Qg6 29. Bf4 gxf3+ 30. Kh1 Qg2# 0-1

[Event "*** Titled Tuesday Blitz"]
[Site "Chess.com"]
[Date "2021.04.27"]
[Round "7"]
[White "Natalya_Buksa"]
[Black "Smile2005"]
[Result "1-0"]
[WhiteElo "2521"]
[BlackElo "2385"]
[TimeControl "180+1"]
[EndTime "11:14:51 PDT"]
[Termination "Natalya_Buksa won by checkmate"]

1. d4 Nf6 2. Nc3 d5 3. Bf4 g6 4. e3 Bg7 5. h4 O-O 6. h5 Nxh5 7. Rxh5 gxh5 8. Qxh5 e6 9. Bd3 f5 10. Nf3 Qf6 11.
O-O-O Qg6 12. Qh2 c5 13. Bxb8 c4 14. Be2 Bd7 15. Ne5 Bxe5 16. Bxe5 b5 17. Rg1 b4 18. Nd1 b3 19. axb3 cxb3 20. cxb3 Rac8+ 21. Nc3 Rc6 22. f4 Rfc8 23. Kd2 Rb6 24. g4 Kf8 25. gxf5 Qxf5 26.
Qh6+ Ke7 27. Qh4+ Kf8 28. Bd3 Qf7 29. Qh6+ Ke8 30. Rg7 Qf8 31. Qxh7 Rxb3 32. Bg6+ Kd8 33. Rxd7# 1-0

[Event "*** Titled Tuesday Blitz"]
[Site "Chess.com"]
[Date "2021.04.27"]
[Round "7"]
[White "friesnielsen2302"]
[Black "muthaiahchess"]
[Result "1-0"]
[WhiteElo "2534"]
[BlackElo "2374"]
[TimeControl "180+1"]
[EndTime "11:14:55 PDT"]
[Termination "friesnielsen2302 won on time"]

1. e4 c5 2. Nf3 e6 3. d3 Nc6 4. Nbd2 g6 5. Be2 Bg7 6. O-O Nge7 7. c3 O-O 8. Re1 d5 9. Bf1 b6 10. e5 d4 11. c4 Qc7 12. Qe2 Bb7 13. h4 h6 14. g3 Rae8 15. Ne4 Nxe5 16. Nxe5 Bxe5 17.
Bxh6 Bg7 18. Bxg7 Kxg7 19. Bg2 Nf5 20. Ng5 Bxg2 21. Kxg2 e5 22. Qf3 f6 23. Ne4 Qc6 24. a3 Rh8 25. Rh1 Rh5 26. b4 Reh8 27. bxc5 bxc5 28.
Rab1 Rf8 29. Rb5 Nd6 30. Rxc5 Qa6 31. Rc7+ Rf7 32. Qxf6+ 1-0

[Event "*** Titled Tuesday Blitz"]
[Site "Chess.com"]
[Date "2021.04.27"]
[Round "7"]
[White "mjray79"]
[Black "Hypercar"]
[Result "0-1"]
[WhiteElo "2462"]
[BlackElo "2608"]
[TimeControl "180+1"]
[EndTime "11:15:01 PDT"]
[Termination "Hypercar won by checkmate"]

1. d4 d5 2. c4 e6 3. Nf3 Nf6 4. g3 Be7 5. Bg2 O-O 6. O-O dxc4 7. Qc2 c5 8. a4 cxd4 9. Qxc4 Nc6 10. Rd1 e5 11. e3 Be6 12. Qe2 Qb6 13. exd4 exd4 14. a5 Nxa5 15. Nxd4 Bg4 16. f3 Bc5 17. Be3 Bh5 18.
Nc3 Nb3 19. Na4 Nxd4 20. Qf2 Nxf3+ 21. Bxf3 Bxe3 22. Nxb6 Bxf2+ 23. Kxf2 axb6 24. Bxh5 Nxh5 25. Rxa8 Rxa8 26. Rd7 Rb8 27. Kf3 Nf6 28. Rc7 g6 29.
Ke2 h5 30. Kd3 Kg7 31. Kc4 Ng4 32. Kb5 Nxh2 33. Kxb6 Nf1 34. Rc3 g5 35. b4 Nd2 36.
b5 Ne4 37. Re3 Re8 38. Kc7 f5 39. b6 Re7+ 40. Kd8 Kf6 41. Rc3 Re6 42. Kc7 Nd6 43. Rd3 h4 44. gxh4 gxh4 45. Rh3 Kg5 46. Rh1 f4 47.
Rg1+ Kf5 48. Rf1 h3 49. Rh1 Rh6 50. Rc1 h2 51. Kb8 h1=Q 52. Rxh1 Rxh1 53. Ka7 Nc4 54. Kb8 Nxb6 55. Ka7 f3 56. Kb8 f2 57. Ka7 f1=Q 58.
Kb8 Nd5 59. Ka7 Qa6+ 60. Kb8 Rh8# 0-1

[Event "*** Titled Tuesday Blitz"]
[Site "Chess.com"]
[Date "2021.04.27"]
[Round "7"]
[White "stolencandy13"]
[Black "ri4mi"]
[Result "1-0"]
[WhiteElo "2466"]
[BlackElo "2304"]
[TimeControl "180+1"]
[EndTime "11:15:02 PDT"]
[Termination "stolencandy13 won by resignation"]

1. e4 Nf6 2. Nc3 d5 3. exd5 Nxd5 4. Nf3 Bg4 5. Be2 Nf4 6. O-O Nxe2+ 7. Qxe2 c6 8. d3 Nd7 9. h3 Bh5 10. Bg5 h6 11.
Bh4 g5 12. Bg3 Qb6 13. Rab1 O-O-O 14. Qe4 Nf6 15. Qe5 Bxf3 16. Qf5+ Rd7 17. Qxf3 Bg7 18. Ne4 Qa5 19. b4 Qd5 20. b5 c5 21. Qe3 b6 22.
Nxf6 Bxf6 23. a4 h5 24. a5 h4 25. Bh2 g4 26. Qf4 Kb7 27. a6+ Ka8 28. Qxg4 Bd4 29. c4 Qe6 30. Qf3+ Rd5 1-0

[Event "*** Titled Tuesday Blitz"]
[Site "Chess.com"]
[Date "2021.04.27"]
[Round "7"]
[White "andriipalchuk"]
[Black "ShahMatKanal"]
[Result "1-0"]
[WhiteElo "2582"]
[BlackElo "2418"]
[TimeControl "180+1"]
[EndTime "11:15:08 PDT"]
[Termination "andriipalchuk won by checkmate"]

1. e4 c6 2. d4 d5 3. exd5 cxd5 4. Bd3 Nc6 5. c3 Qc7 6. h3 g6 7. Ne2 Bh6 8. O-O Bxc1 9. Qxc1 Nf6 10. Re1 Bf5 11.
Bxf5 gxf5 12. Qg5 Qd7 13. Ng3 Ne4 14. Qxf5 Nxg3 15. Qxd7+ Kxd7 16. fxg3 h5 17. Nd2 Rhg8 18.
Re3 Rg7 19. Rf1 Rag8 20. Kh2 e6 21. Nf3 f5 22. Ne1 h4 23. gxh4 Ne7 24. g3 Nc8 25. Nd3 Nd6 26. Nc5+ Kc6 27. Nxe6 Rg6 28. Nf4 R6g7 29.
Rff3 Ne4 30. Nxd5 Kxd5 31. Rxf5+ Kc4 32. b3# 1-0

[Event "*** Titled Tuesday Blitz"]
[Site "Chess.com"]
[Date "2021.04.27"]
[Round "7"]
[White "beautroll"]
[Black "Darius321"]
[Result "1-0"]
[WhiteElo "2479"]
[BlackElo "2291"]
[TimeControl "180+1"]
[EndTime "11:15:09 PDT"]
[Termination "beautroll won by resignation"]

1. e4 e5 2. Nf3 Nc6 3. Bb5 Bc5 4.
c3 Nf6 5. d4 Bb6 6. O-O O-O 7.
Re1 d6 8. Bg5 h6 9. Bh4 a6 10.
Bxc6 bxc6 11. dxe5 dxe5 12. Qxd8 Rxd8 13. Nxe5 Re8 14.
Bxf6 gxf6 15. Nf3 f5 16. Nbd2 fxe4 17. Nxe4 Kg7 18. h3 Bf5 19. Ng3 Bg6 20. h4 Rad8 21. h5 Bd3 22. Rad1 Rxe1+ 23. Nxe1 Re8 24. Nxd3 Rd8 25. Kf1 f5 26. Nxf5+ Kf6 27. Ne3 c5 28. c4 Ba5 29. Nd5+ Kg5 30. Ke2 Kxh5 31. Nxc5 Rb8 32. b3 Re8+ 33. Ne3 Kg6 34. Nxa6 Re6 35. Nc5 Rc6 36.
Rd5 Bb4 37. Nd3 Bd6 38. c5 Be7 39. Ne5+ 1-0

[Event "*** Titled Tuesday Blitz"]
[Site "Chess.com"]
[Date "2021.04.27"]
[Round "7"]
[White "AungTZ"]
[Black "Romadk"]
[Result "0-1"]
[WhiteElo "2157"]
[BlackElo "2326"]
[TimeControl "180+1"]
[EndTime "11:15:09 PDT"]
[Termination "Romadk won on time"]

1. e4 Nf6 2. e5 Nd5 3. Nc3 Nxc3 4. dxc3 g6 5. Nf3 Bg7 6. Bf4 Nc6 7. Qd2 d6 8. exd6 cxd6 9. O-O-O Bg4 10. Be2 Qa5 11.
Kb1 Be6 12. a3 O-O 13. Bh6 Rfc8 14. Bxg7 Kxg7 15. Rhe1 Ne5 16. Nd4 Bc4 17. f4 Bxe2 18.
Rxe2 Nc4 19. Qc1 Qb6 20. Nb3 e6 21. Ka2 a5 22. g4 a4 23. Nd4 Qc5 24. f5 e5 25. Nf3 Ra6 26. Ne1 Rb6 27. Nd3 Qd5 28. Nb4 Qa5 29. Qg5 f6 30. Qc1 Qc5 31. g5 Na5 32.
gxf6+ Kxf6 33. fxg6 Qc4+ 34. Kb1 Qxe2 35. gxh7 Qh5 0-1

[Event "*** Titled Tuesday Blitz"]
[Site "Chess.com"]
[Date "2021.04.27"]
[Round "7"]
[White "MerryPoppies"]
[Black "Roedor"]
[Result "0-1"]
[WhiteElo "2080"]
[BlackElo "2290"]
[TimeControl "180+1"]
[EndTime "11:15:10 PDT"]
[Termination "Roedor won by resignation"]

1. d4 Nf6 2. Nf3 g6 3. Bf4 Bg7 4. c3 O-O 5. Nbd2 c5 6. e3 Nh5 7. Bg3 Nc6 8. Be2 d5 9. Rc1 Nxg3 10. hxg3 e5 11. dxe5 Nxe5 12. Nxe5 Bxe5 13. Nf3 Bg7 14. Qb3 b6 15. Rd1 Be6 16. Qc2 Rc8 17. O-O Qf6 18.
Bd3 Rfd8 19. Nd2 Bg4 20. f3 Be6 21. e4 Qg5 22. Kh2 c4 23. Be2 d4 24. cxd4 Bxd4 25.
g4 Be5+ 26. Kg1 Bd4+ 27. Rf2 Qe3 28. Rf1 Qxe2 0-1

[Event "*** Titled Tuesday Blitz"]
[Site "Chess.com"]
[Date "2021.04.27"]
[Round "7"]
[White "Yaryi_sergey"]
[Black "Irishchessman16"]
[Result "0-1"]
[WhiteElo "2417"]
[BlackElo "2295"]
[TimeControl "180+1"]
[EndTime "11:15:13 PDT"]
[Termination "Irishchessman16 won on time"]

1. d4 Nf6 2. Nf3 e6 3. g3 b6 4. Bg2 Bb7 5. O-O Be7 6. c4 O-O 7. Bf4 d6 8. Nbd2 a6 9. Qc2 Nbd7 10. b4 Re8 11. a4 a5 12. b5 Bf8 13. e4 e5 14. Bg5 h6 15. Bxf6 Qxf6 16. d5 g6 17. Ne1 Bg7 18. Bh3 Nc5 19. Nd3 Nxd3 20. Qxd3 Qg5 21. Qe3 Qxe3 22. fxe3 h5 23. Kf2 Bh6 24. Ke2 Kg7 25. Rf2 Re7 26. Raf1 Rf8 27. Nb1 Bg5 0-1

[Event "*** Titled Tuesday Blitz"]
[Site "Chess.com"]
[Date "2021.04.27"]
[Round "7"]
[White "TST2014"]
[Black "Sergey85Rodchenkov"]
[Result "1-0"]
[WhiteElo "2672"]
[BlackElo "2520"]
[TimeControl "180+1"]
[EndTime "11:15:14 PDT"]
[Termination "TST2014 won by resignation"]

1. d4 Nf6 2. c4 e6 3. Nf3 b6 4. a3 Bb7 5. Nc3 Ne4 6. Nxe4 Bxe4 7. Nd2 Bg6 8. e4 d5 9. h4 h6 10. h5 Bh7 11. cxd5 exd5 12. e5 Be7 13. Qg4 O-O 14.
Nf3 Kh8 15. Be2 c5 16. Be3 Nc6 17. Rd1 Be4 18. O-O Qc8 19. Qg3 Qe6 20. Rc1 Bxf3 21. Bxf3 cxd4 22. Bf4 Rad8 23. Rfe1 d3 24. Rcd1 Nd4 25.
Bg4 f5 26. exf6 Qxf6 27. Be5 Bd6 28. Bxf6 Bxg3 29. Bxd4 1-0

[Event "*** Titled Tuesday Blitz"]
[Site "Chess.com"]
[Date "2021.04.27"]
[Round "7"]
[White "kidagent"]
[Black "retropwr"]
[Result "0-1"]
[WhiteElo "2336"]
[BlackElo "2251"]
[TimeControl "180+1"]
[EndTime "11:15:14 PDT"]
[Termination "retropwr won by resignation"]

1. e4 d6 2. d4 Nf6 3. Nc3 e5 4. dxe5 dxe5 5. Qxd8+ Kxd8 6. Bc4 Be6 7. Bxe6 fxe6 8. f3 Bd6 9. Be3 Ke7 10. O-O-O a6 11. g4 Nc6 12. h4 b5 13. Nh3 Nd7 14. h5 Rhf8 15. Rhf1 Na5 16. b3 c5 17. Ne2 c4 18. f4 exf4 19. Bxf4 Bxf4+ 20. Nhxf4 cxb3 21. cxb3 Rac8+ 22. Kb2 Nc6 23. g5 Nde5 24. g6 h6 25. Ng2 Ng4 26. Ng3 Nf6 27. Ne3 Ne5 28. Rc1 Nd3+ 29.
Kb1 Nxc1 30. Rxc1 Rxc1+ 31. Kxc1 Kd6 32. Kd2 Ke5 33. Ke2 Kf4 34. Kf2 Nxe4+ 35. Nxe4 Kxe4+ 36.
Ke2 Rc8 37. Ng4 Kf4 38. Ne3 Kg5 0-1

[Event "*** Titled Tuesday Blitz"]
[Site "Chess.com"]
[Date "2021.04.27"]
[Round "7"]
[White "kritipatel"]
[Black "ljuks68"]
[Result "0-1"]
[WhiteElo "1771"]
[BlackElo "2435"]
[TimeControl "180+1"]
[EndTime "11:15:14 PDT"]
[Termination "ljuks68 won by checkmate"]

1. e4 e6 2. d4 d5 3. Nc3 Bb4 4. exd5 exd5 5. Bd3 Nf6 6. a3 Bxc3+ 7. bxc3 O-O 8. f4 Nbd7 9. Nf3 Nb6 10. O-O Ne4 11.
Bxe4 dxe4 12. Ng5 Qd5 13. Kh1 h6 14. Qh5 hxg5 15. fxg5 g6 16. Qh6 Bg4 17. Rf4 Bh5 18.
Be3 Nc4 19. Re1 Nxe3 20. Rxe3 Qa2 21. g4 Qb1+ 22. Kg2 Qxc2+ 23. Kh3 Rae8 24. gxh5 Qd2 25. hxg6 Qxe3+ 26. Kg4 Qxf4+ 27. Kxf4 fxg6+ 28. Kg4 Re6 29. h4 Rf7 30. h5 Rh7 31. Qxg6+ Rxg6 32. hxg6 Re7 33.
Kh5 e3 34. Kh6 e2 35. d5 e1=Q 36. d6 Qh4# 0-1

[Event "*** Titled Tuesday Blitz"]
[Site "Chess.com"]
[Date "2021.04.27"]
[Round "7"]
[White "chess94cu"]
[Black "volkanyirik"]
[Result "1-0"]
[WhiteElo "2577"]
[BlackElo "2418"]
[TimeControl "180+1"]
[EndTime "11:15:17 PDT"]
[Termination "chess94cu won by resignation"]

1. d4 Nf6 2. Bf4 g6 3. Nc3 c5 4. d5 d6 5. e4 a6 6. a4 Bg7 7. Qd2 Nh5 8. Bh6 Bxh6 9. Qxh6 Nd7 10. Nf3 Qa5 11. Be2 b5 12. O-O b4 13. Nd1 Ndf6 14.
Nd2 Bd7 15. Ne3 Ng8 16. Qg5 O-O-O 17. Bxh5 gxh5 18. Qxh5 Be8 19. Ndc4 Qc7 20. a5 Nf6 21. Qh4 Kb8 22. e5 dxe5 23. d6 Qc6 24. dxe7 Rd4 25. Qg3 Rf4 26. Nxe5 Qc7 27. Nd3 Re4 28. Qxc7+ Kxc7 29. Nxc5 Rxe7 30. Nxa6+ Kb7 31. Nxb4 Ka7 32. Rfd1 Bb5 1-0

[Event "*** Titled Tuesday Blitz"]
[Site "Chess.com"]
[Date "2021.04.27"]
[Round "7"]
[White "secretsuperstar7"]
[Black "davigator"]
[Result "0-1"]
[WhiteElo "2209"]
[BlackElo "2433"]
[TimeControl "180+1"]
[EndTime "11:15:19 PDT"]
[Termination "davigator won on time"]

1. d4 Nf6 2. c4 e6 3. Nc3 Bb4 4. Qc2 c5 5. Nf3 Nc6 6. e3 O-O 7. a3 cxd4 8. exd4 Bxc3+ 9. bxc3 d6 10. Bd3 h6 11. O-O e5 12. h3 Re8 13. Bf5 e4 14. Bxc8 Rxc8 15. Nd2 Na5 16. Re1 Qe7 17. Qa4 Qc7 18. Rb1 b6 19. Qc2 d5 20. cxd5 Qxc3 21.
Qxc3 Rxc3 22. Bb2 Rd3 23. Nf3 exf3 24. Rxe8+ Nxe8 25. Re1 Nd6 26. Re7 Nac4 0-1

[Event "*** Titled Tuesday Blitz"]
[Site "Chess.com"]
[Date "2021.04.27"]
[Round "7"]
[White "seorobert1971"]
[Black "SilviusTiberius"]
[Result "0-1"]
[WhiteElo "2749"]
[BlackElo "2636"]
[TimeControl "180+1"]
[EndTime "11:15:20 PDT"]
[Termination "SilviusTiberius won by resignation"]

1. e4 e5 2. Nf3 Nc6 3. Bb5 Nf6 4. O-O Nxe4 5. Re1 Nd6 6. Nxe5 Be7 7. Bf1 Nxe5 8.
Rxe5 O-O 9. d4 Bf6 10. Re1 Re8 11.
d5 Rxe1 12. Qxe1 Qe7 13. Qxe7 Bxe7 14. c4 b6 15. Nc3 Ba6 16. b3 Bf6 17. Bb2 Ne4 18.
Nd1 Bxb2 19. Nxb2 Re8 20. Re1 Kf8 21. Re3 d6 22. f3 Nf6 23. Rxe8+ Kxe8 24. Kf2 Bc8 25. Bd3 h5 26. h4 a5 27. Ke3 Ke7 28. Kd4 g6 29. Nd1 Nd7 30. Nc3 Ne5 31. Bc2 Bd7 32. a3 Kd8 33. Bd1 Be8 34. Bc2 Ke7 35.
Be4 Nd7 36. Nb5 Nc5 37. Nxc7 Nxb3+ 38. Kc3 Nc5 39. Na8 Nd7 40. Bc2 Nc5 41. Nxb6 Kd8 42.
g4 Kc7 43. gxh5 gxh5 44. Na8+ Kb7 0-1

[Event "*** Titled Tuesday Blitz"]
[Site "Chess.com"]
[Date "2021.04.27"]
[Round "7"]
[White "david_alex"]
[Black "Julianos82"]
[Result "0-1"]
[WhiteElo "2110"]
[BlackElo "2315"]
[TimeControl "180+1"]
[EndTime "11:15:21 PDT"]
[Termination "Julianos82 won by resignation"]

1. d4 d5 2. Nf3 c6 3. g3 Bg4 4. Bg2 Nd7 5. O-O e6 6. c4 Bd6 7. Qb3 Rb8 8. Nc3 f5 9. h3 Bh5 10. cxd5 exd5 11. Bf4 Qe7 12. Rfe1 Ngf6 13. Bxd6 Qxd6 14.
Qa3 Qxa3 15. bxa3 Bxf3 16. Bxf3 Kf7 17. Rab1 Rhe8 18. e3 Nb6 19. Be2 Ne4 20. Nxe4 fxe4 21. a4 Nxa4 22. Rec1 Nb6 23. Rb4 Ke7 24. a4 Kd6 25. a5 Na8 26. Rcb1 b5 27. axb6 Rxb6 28.
Rxb6 axb6 29. Ra1 Nc7 30. Kf1 Ra8 31. Rxa8 Nxa8 32. f3 exf3 33. Bxf3 Nc7 34. Ke2 Ne6 35. Kd3 c5 36. e4 Nxd4 37. Bg2 dxe4+ 38. Bxe4 h6 39.
g4 Ke5 0-1

[Event "*** Titled Tuesday Blitz"]
[Site "Chess.com"]
[Date "2021.04.27"]
[Round "7"]
[White "djano"]
[Black "moro182"]
[Result "0-1"]
[WhiteElo "2485"]
[BlackElo "2701"]
[TimeControl "180+1"]
[EndTime "11:15:24 PDT"]
[Termination "moro182 won by resignation"]

1. e4 g6 2. Nc3 Bg7 3. Bc4 d6 4. h4 Nf6 5. d3 c6 6. Bg5 a5 7. a4 Qb6 8. Nge2 Ng4 9. d4 e5 10.
Be3 Nxe3 11. fxe3 exd4 12. exd4 Bg4 13. Qd2 Nd7 14. O-O-O f5 15. Be6 O-O-O 16. exf5 gxf5 17. Rdf1 Rhf8 18. h5 Rde8 19. h6 Bh8 20. Bb3 Qb4 21.
Kb1 Bxe2 22. Re1 Bg4 23. Qf4 Qxd4 0-1

[Event "*** Titled Tuesday Blitz"]
[Site "Chess.com"]
[Date "2021.04.27"]
[Round "7"]
[White "OK97"]
[Black "northridgehawk"]
[Result "1-0"]
[WhiteElo "2744"]
[BlackElo "2368"]
[TimeControl "180+1"]
[EndTime "11:15:25 PDT"]
[Termination "OK97 won by resignation"]

1. c4 Nf6 2. Nf3 g6 3. Nc3 d5 4. cxd5 Nxd5 5. h4 c5 6. h5 Bg7 7. e4 Nxc3 8. dxc3 Qxd1+ 9. Kxd1 Bg4 10. h6 Bf6 11. Kc2 Nc6 12. Be3 Bxf3 13. gxf3 b6 14. f4 e5 15. Bb5 Kd7 16. fxe5 Bxe5 17. f4 Bf6 18. e5 Be7 19. f5 gxf5 20. Rhf1 Rac8 21. Rad1+ Kc7 22. Rxf5 Rhf8 23. Rdf1 f6 24. exf6 Bd6 25. f7 Rcd8 26. Bg5 Rd7 27. Bc4 Ne5 28. Be6 Ng6 29. Bxd7 Kxd7 30. Rd1 Ke6 31. Rf6+ 1-0

[Event "*** Titled Tuesday Blitz"]
[Site "Chess.com"]
[Date "2021.04.27"]
[Round "7"]
[White "chessflav"]
[Black "Shuvalov"]
[Result "1-0"]
[WhiteElo "2329"]
[BlackElo "2425"]
[TimeControl "180+1"]
[EndTime "11:15:28 PDT"]
[Termination "chessflav won by resignation"]

1. e4 e6 2. Nf3 d5 3. e5 c5 4. b4 cxb4 5. d4 Bd7 6. a3 Qb6 7. axb4 Bxb4+ 8. c3 Ba5 9. Bd3 Bb5 10. O-O Bxd3 11. Qxd3 Nc6 12. Ba3 Nge7 13. Nbd2 h6 14. Rab1 Qa6 15. Qxa6 bxa6 16. Rfc1 O-O 17. Nb3 Bb6 18.
Nc5 a5 19. Nd7 Rfc8 20. Nxb6 axb6 21. Rxb6 Rab8 22. Rcb1 Ng6 23. g3 Nf8 24. Bd6 Ra8 25. Nd2 a4 26. Ra1 Ra7 27. Nb1 Nd7 28. Rb2 Rca8 29.
Rba2 Nb6 30. Bc5 Ra6 31. Na3 Nd8 32. Nb5 Nb7 33. Nc7 Nxc5 34. dxc5 Nc4 35. Nxa8 Rxa8 36. Rxa4 Rxa4 37. Rxa4 Kf8 38. Ra8+ Ke7 39. Ra7+ Ke8 40. c6 Nxe5 41. Ra8+ Ke7 42. c7 Nf3+ 43. Kg2 Ne1+ 44. Kf1 1-0

[Event "*** Titled Tuesday Blitz"]
[Site "Chess.com"]
[Date "2021.04.27"]
[Round "7"]
[White "fyall777"]
[Black "Matols"]
[Result "1-0"]
[WhiteElo "2412"]
[BlackElo "2258"]
[TimeControl "180+1"]
[EndTime "11:15:30 PDT"]
[Termination "fyall777 won by resignation"]

1. e4 e6 2. d4 d5 3. Nc3 Nf6 4.
Bg5 Bb4 5. e5 h6 6. Bd2 Bxc3 7.
bxc3 Ne4 8. Qg4 Kf8 9. Bd3 Nxd2 10. Kxd2 c5 11. f4 c4 12. Be2 b5 13. Nf3 a5 14. a3 Nc6 15. h4 Bd7 16. h5 b4 17.
axb4 axb4 18. cxb4 Nxb4 19. c3 Nd3 20. Bxd3 cxd3 21.
Kxd3 Bb5+ 22. Ke3 Rxa1 23. Rxa1 Qc8 24. Ra3 Qc4 25. Kf2 Bc6 26. f5 Qd3 27. fxe6 Qe4 28. e7+ Kxe7 29. Qxg7 Rb8 30. Ra7+ Bd7 31. Qf6+ Ke8 32.
Qh8+ Ke7 33. Qxb8 Qc2+ 34. Kg3 1-0

[Event "*** Titled Tuesday Blitz"]
[Site "Chess.com"]
[Date "2021.04.27"]
[Round "7"]
[White "Bigfish1995"]
[Black "amintabatabaei"]
[Result "1-0"]
[WhiteElo "3005"]
[BlackElo "2979"]
[TimeControl "180+1"]
[EndTime "11:15:31 PDT"]
[Termination "Bigfish1995 won by resignation"]

1. e4 e5 2. Nf3 Nc6 3. Bc4 Nf6 4. d3 Be7 5. Nc3 d6 6. h3 O-O 7. a4 a6 8. O-O Be6 9. Nd5 Bxd5 10. exd5 Nb4 11.
d4 e4 12. Nd2 Re8 13. c3 Nbxd5 14. Nxe4 c6 15. Ng3 b5 16. Bb3 Bf8 17. Bg5 h6 18.
Bxd5 cxd5 19. Bxf6 Qxf6 20. axb5 axb5 21. Qb3 Rab8 22.
Qxd5 g6 23. Rfe1 b4 24. Rxe8 Rxe8 25. cxb4 Bg7 26. Rd1 h5 27. Ne4 Qf4 28. Re1 Kh8 29.
Re3 f5 30. g3 Qxe4 31. Rxe4 Rxe4 32. Qxd6 Kh7 33. Qc7 Kh6 34. d5 Bd4 35. d6 Re2 36. d7 1-0

[Event "*** Titled Tuesday Blitz"]
[Site "Chess.com"]
[Date "2021.04.27"]
[Round "7"]
[White "viktorgen2021"]
[Black "FMOlexandrProhorov"]
[Result "1-0"]
[WhiteElo "2389"]
[BlackElo "2255"]
[TimeControl "180+1"]
[EndTime "11:15:32 PDT"]
[Termination "viktorgen2021 won by resignation"]

1. d4 Nf6 2. Nf3 g6 3. c4 Bg7 4. Nc3 d5 5. g3 O-O 6. Bg2 dxc4 7. O-O c5 8. d5 e6 9. e4 exd5 10. exd5 Bf5 11. Ne5 Ne8 12. Nxc4 Nd6 13. Nxd6 Qxd6 14. Bf4 Qb6 15. Qd2 Nd7 16. Rac1 Rac8 17. b3 a6 18. d6 Nf6 19. Rfd1 Rfd8 20. Be5 Bg4 21. f3 Bf5 22. g4 Be6 23. h3 Qa5 24. f4 Qb4 25. Rf1 h5 26. f5 gxf5 27. gxf5 Bd7 28. Qg5 Kf8 29. Bxf6 Bxf6 30. Qxf6 Qd4+ 31. Qxd4 cxd4 32. Nd5 Bc6 33. Nb6 Rb8 34. Bxc6 bxc6 35. Rxc6 1-0

[Event "*** Titled Tuesday Blitz"]
[Site "Chess.com"]
[Date "2021.04.27"]
[Round "7"]
[White "Grieve72"]
[Black "dropstoneDP"]
[Result "0-1"]
[WhiteElo "2518"]
[BlackElo "2911"]
[TimeControl "180+1"]
[EndTime "11:15:34 PDT"]
[Termination "dropstoneDP won by checkmate"]

1. d4 Nf6 2. Bg5 c6 3. Bxf6 exf6 4. e3 Qb6 5. b3 d5 6. g3 h5 7. Bg2 h4 8. Ne2 h3 9. Bf3 g5 10. O-O Be6 11. Qd3 Nd7 12. c4 dxc4 13. bxc4 Qa6 14. Nd2 Bb4 15. Nc3 Rd8 16. d5 Ne5 17. Qc2 cxd5 18.
Bxd5 Bxd5 19. Nxd5 Qc6 20. Ne4 Rxd5 21. Qb2 Rd2 22.
Nxf6+ Qxf6 23. Qxb4 Qf3 24. Qb5+ Nc6 25. Qxg5 Qg2# 0-1

[Event "*** Titled Tuesday Blitz"]
[Site "Chess.com"]
[Date "2021.04.27"]
[Round "7"]
[White "klimkoj"]
[Black "ural58"]
[Result "1-0"]
[WhiteElo "2616"]
[BlackElo "2476"]
[TimeControl "180+1"]
[EndTime "11:15:34 PDT"]
[Termination "klimkoj won by resignation"]

1. d4 d5 2. c4 e5 3. dxe5 d4 4. Nf3 Nc6 5. Nbd2 a5 6. Nb3 Bg4 7. a3 Bxf3 8. exf3 a4 9. Nd2 Qg5 10. Ne4 Qxe5 11. Be2 f5 12. Ng3 g6 13. O-O Bg7 14. Re1 Nge7 15. f4 Qd6 16. Qc2 O-O 17. c5 Qd7 18. Bc4+ Kh8 19. Be6 Qd8 20. Rd1 Nd5 21.
Qc4 Nf6 22. Bd2 Re8 23. Re1 Re7 24. Qc2 d3 25. Qc4 Qd4 26. Bc3 Qxf4 27. Qxf4 1-0